 Dungeon Crawl Stone Soup version 0.27-a0-1456-gf5a116941d (webtiles) character file.

Game seed: 9878578451882858132

2322 robertstho the Thaumaturge (level 9, -11/46 HPs)
             Began as a Deep Elf Fire Elementalist on July 6, 2021.
             Was a Believer of Sif Muna.
             Mangled by an orc warrior (23 damage)
             ... on level 7 of the Dungeon.
             The game lasted 00:13:08 (8337 turns).

robertstho the Thaumaturge (DEFE)                   Turns: 8337, Time: 00:13:08

Health: -11/46     AC:  3    Str:  5    XL:     9   Next: 19%
Magic:  21/24      EV: 13    Int: 24    God:    Sif Muna [**....]
Gold:   429        SH:  0    Dex: 21    Spells: 13/26 levels left

rFire    . . .     SeeInvis .   e - +0 hand axe (vamp)
rCold    . . .     Faith    .   (no shield)
rNeg     . . .     Spirit   .   a - +0 robe
rPois    .         Reflect  .   (no helmet)
rElec    .         Harm     .   x - scarf {+Inv}
rCorr    .         Rampage  .   (no gloves)
Will     .....                  p - +0 pair of boots
Stlth    +++.......             (no amulet)
HPRegen  0.15/turn              k - +6 ring of dexterity
MPRegen  0.19/turn              (no ring)

@: no status effects
A: no striking features
a: Renounce Religion, Evoke Invisibility, Channel Magic


You were on level 7 of the Dungeon.
You worshipped Sif Muna.
Sif Muna was pleased with you.
You visited 2 branches of the dungeon, and saw 8 of its levels.
You also visited: Sewer.

You collected 429 gold pieces.

Inventory:

Hand Weapons
 d - a +0 dagger
 e - a +0 vampiric hand axe (weapon)
 s - a +2 spear of venom
 y - the +4 spear of Balance {vamp, *Rage *Noise rN++ rCorr}
   (You found it on level 7 of the Dungeon)

   It inflicts no extra harm, but heals its wielder when it wounds a living foe.
   rN:        It greatly protects you from negative energy.
   *Noise:    It may make noises in combat.
   *Rage:     It may make you go berserk in combat.
   rCorr:     It protects you from acid and corrosion.
Armour
 a - a +0 robe (worn)
 p - a +0 pair of boots (worn)
 q - a +0 cloak
 x - a scarf of invisibility (worn)
Jewellery
 k - a +6 ring of dexterity (left hand)
Wands
 v - a wand of charming (8)
 w - a wand of polymorph (9)
Scrolls
 b - a scroll of vulnerability {unknown}
 g - 2 scrolls of magic mapping
 h - 4 scrolls of teleportation {unknown}
 i - a scroll of fog
 m - a scroll of enchant weapon {unknown}
 n - a scroll of blinking {unknown}
 o - 2 scrolls of summoning {unknown}
 t - a scroll of fear
Potions
 c - 4 potions of haste
 f - a potion of lignification
 j - a potion of brilliance
 l - 2 potions of cancellation
 r - a potion of heal wounds
 u - a potion of flight
 z - a potion of attraction {unknown}


   Skills:
 + Level 0.3 Fighting
 + Level 2.6 Dodging
 + Level 3.1 Stealth
 * Level 9.3 Spellcasting
 * Level 6.5 Conjurations
 * Level 8.6 Fire Magic
 * Level 3.6 Invocations


You had 13 spell levels left.
You knew the following spells:

 Your Spells              Type           Power      Damage    Failure   Level
a - Foxfire               Conj/Fire      100%       2x1d9     1%          1
b - Conjure Flame         Conj/Fire      47%        6-21      1%          3
c - Sticky Flame          Conj/Fire      47%        2d6       2%          4
d - Fireball              Conj/Fire      23%        3d11      7%          5

Your spell library contained the following spells:

 Spells                   Type           Power      Damage    Failure   Level
 Inner Flame              Hex/Fire       32%        N/A       2%          3
 Summon Lightning Spire   Summ/Air       11%        N/A       50%         4
 Storm Form               Tmut/Air       5%         N/A       100%        7
 Maxwell's Capacitive Co  Air            5%         โˆž       100%        8


Dungeon Overview and Level Annotations

Branches:
Dungeon (7/15)             Temple (1/1) D:4           Sewer (visited)

Altars:
Ashenzari
Cheibriados
Dithmenos
Elyvilon
Fedhas
Gozag
Makhleb
Nemelex Xobeh
Okawaru
Ru
Sif Muna
Trog
Uskayaw
Wu Jian
Xom
Yredelemnul
Zin
The Shining One

Shops:
D:3 =

Annotations:
D:7 2 runed translucent doors


Message History

The foxfire hits the orc warrior but does no damage.
The orc warrior is moderately wounded.
The orc warrior barely misses you.
Casting: Foxfire (safe; 1% risk of failure)
Press: ? - help, Q - select action, (/) - cycle Dir - look around, f - activate You conjure some foxfire!
The foxfire hits the orc!
You kill the orc!
Sif Muna accepts your kill.
The orc warrior hits you from afar with the +11 trident of Temperance {flame, rN+ Will+ Dex+7 Stlth-}!
The orc warrior burns you.
Casting: Foxfire (safe; 1% risk of failure)
Press: ? - help, Q - select action, (/) - cycle Dir - look around, f - activate You conjure some foxfire!
The foxfire hits the orc warrior.
The orc warrior is moderately wounded.
The foxfire hits the orc warrior but does no damage.
The orc warrior is moderately wounded.
The foxfire hits the orc warrior but does no damage.
The orc warrior is moderately wounded.
The orc warrior barely misses you.
Casting: Foxfire (safe; 1% risk of failure)
Press: ? - help, Q - select action, (/) - cycle Dir - look around, f - activate You conjure some foxfire!
The foxfire hits the orc warrior.
The orc warrior is heavily wounded.
The foxfire hits the orc warrior.
The orc warrior is heavily wounded.
The orc warrior hits you from afar with the +11 trident of Temperance {flame, rN+ Will+ Dex+7 Stlth-}!
The orc warrior burns you!
* * * LOW HITPOINT WARNING * * *
Unknown command.
The foxfire hits the orc warrior but does no damage.
The orc warrior is heavily wounded.
The foxfire hits the orc warrior.
The orc warrior is severely wounded.
There is a stone staircase leading up, spattered with blood here.
The orc warrior hits you from afar with the +11 trident of Temperance {flame, rN+ Will+ Dex+7 Stlth-}!!
Ouch! That really hurt!
You die...

##..........#. # .ยง..โ‰ˆ ##.#
##.......>##...... ..#. ##.#
#........###.....# ... #...
##........#.#....# #โ‰ˆ #...
.#...............# # #...
................##############...
.................................
........###......[...........#.#.
.#....).[.......@.o..........####
###.......#....).............# #.
##.......#.....)................
#.....#..#..............#######.
##....#...............### ##
##..###..............# ####
##............##
###.......#..#8#. #..............


You could see an orc warrior.

Vanquished Creatures
  A steam dragon (D:7)
  2 water moccasins
  2 orc warriors (D:7)
  A black bear (D:6)
  An ice beast (D:6)
  4 ogres
  A sky beast (D:5)
  2 necrophages
  A kobold brigand (D:6)
  A bullfrog (D:6)
  A gnoll sergeant (D:7)
  2 scorpions
  A howler monkey (D:4)
  2 jellies
  2 centaur zombies
  3 hounds
  Crazy Yiuf (D:4)
  2 bullfrog skeletons (D:6)
  An iguana (D:5)
  An orc wizard (D:7)
  A hound zombie (D:5)
  9 gnolls
  5 adders
  2 white imps (D:5)
  5 ufetubi
  2 adder skeletons
  5 worms
  7 dart slugs
  14 orcs
  2 ball pythons (D:5)
  9 bats
  6 endoplasms
  3 giant cockroaches
  17 goblins
  5 hobgoblins
  5 kobolds
  3 quokkas
  8 rats
140 creatures vanquished.

Vanquished Creatures (collateral kills)
  A foxfire (D:1)
1 creature vanquished.

Vanquished Creatures (others)
  771 foxfires
771 creatures vanquished.

Grand Total: 912 creatures vanquished

Notes
Turn   | Place    | Note
-------+----------+-------------------------------------------
     0 | D:1      | robertstho the Deep Elf Fire Elementalist began the quest
                  | for the Orb.
     0 | D:1      | Reached XP level 1. HP: 10/10 MP: 6/6
   180 | D:1      | Found a faded altar of an unknown god.
   350 | D:1      | Reached XP level 2. HP: 15/15 MP: 4/8
  1446 | D:2      | Reached XP level 3. HP: 17/19 MP: 3/9
  1535 | D:2      | Found a sacrificial altar of Ru.
  2222 | D:3      | Found a basalt altar of Yredelemnul.
  2485 | D:3      | Reached XP level 4. HP: 24/24 MP: 6/11
  2918 | D:3      | Found Casaneic's Jewellery Shop.
  3330 | D:3      | Noticed an ogre
  3338 | D:3      | Killed an ogre
  3339 | D:3      | Reached skill level 4 in Spellcasting
  3339 | D:3      | Reached skill level 5 in Fire Magic
  3339 | D:3      | Reached XP level 5. HP: 12/28 MP: 1/14
  3635 | D:4      | Found a staircase to the Ecumenical Temple.
  3646 | Temple   | Entered the Ecumenical Temple
  3676 | Temple   | Became a worshipper of Sif Muna the Loreminder
  3981 | D:4      | Reached skill level 5 in Spellcasting
  4159 | D:4      | Reached XP level 6. HP: 32/32 MP: 9/16
  4663 | D:4      | Found a runed translucent door.
  4664 | D:4      | Noticed Crazy Yiuf
  4679 | D:4      | Killed Crazy Yiuf
  4831 | D:5      | Entered Level 5 of the Dungeon
  4831 | D:5      | Noticed a sky beast
  4836 | D:5      | Killed a sky beast
  4837 | D:5      | Reached skill level 6 in Spellcasting
  4837 | D:5      | Reached skill level 1 in Invocations
  4837 | D:5      | Reached XP level 7. HP: 36/36 MP: 11/18
  4845 | D:5      | Learned a level 3 spell: Conjure Flame
  4850 | D:5      | Learned a level 4 spell: Sticky Flame
  4856 | D:5      | Learned a level 5 spell: Fireball
  4913 | D:5      | Found a glowing drain.
  4916 | D:5      | Reached * piety under Sif Muna
  4926 | Sewer    | Entered a sewer
  5319 | D:5      | Reached skill level 7 in Spellcasting
  5875 | D:6      | Reached skill level 5 in Conjurations
  5875 | D:6      | Reached XP level 8. HP: 41/41 MP: 14/20
  6415 | D:6      | Reached skill level 8 in Spellcasting
  7867 | D:7      | Identified the +4 spear of Balance {vamp, *Rage *Noise rN++
                  | rCorr}
  7941 | D:7      | Reached skill level 9 in Spellcasting
  7941 | D:7      | Reached XP level 9. HP: 46/46 MP: 14/24
  7944 | D:7      | Reached ** piety under Sif Muna
  8305 | D:7      | Identified the +11 trident of Temperance {flame, rN+ Will+
                  | Dex+7 Stlth-}
  8306 | D:7      | Found a large runed translucent door.
  8306 | D:7      | Found a large runed translucent door.
  8337 | D:7      | Mangled by an orc warrior

Illustrated notes

Levels and vault maps discovered:
D:1:      psy_arrival_statuary, layout_loops_ring, basic_ecumenical_altar,
          serial_forest, infiniplex_forest_straight_2,
          infiniplex_forest_straight_4, infiniplex_forest_clump_double,
          infiniplex_forest_join, infiniplex_forest_split
D:2:      layout_basic, basic_altar
D:3:      layout_basic, lemuel_crystal_altar, serial_shops, shop_fountains,
          minmay_ogre_servants
D:4:      minmay_chambers_of_threes, layout_basic,
          minmay_temple_entry_statues_fountains, hangedman_decor_riveting,
          uniq_crazy_yiuf_cottage
D:5:      layout_rooms, cheibrodos_sewer_entry_sluice
D:6:      layout_layer_cave
D:7:      cheibrodos_statue_roulette, layout_cave_pools,
          ebering_ghost_disaster_area, serial_shops, nicolae_diamond_shop
Temple:   grunt_wide_crystal_templ

Skill      XL: |  1  2  3  4  5  6  7  8 |
---------------+-------------------------+-----
Fire Magic     | 4 5 6 7 8 |  8.6
Spellcasting   | 4 5 6 7 9 |  9.3
Conjurations   | 2 3 5 6 |  6.5
Invocations    | 1 2 3 |  3.6
Stealth        | 3 |  3.1
Fighting       | |  0.3
Dodging        | |  2.6

Action                   |  1- 3 |  4- 6 |  7- 9 || total
-------------------------+-------+-------+-------++-------
Melee: Hand axe          |       |       |     1 ||     1
 Cast: Foxfire           |    99 |   112 |   234 ||   445
       Sticky Flame      |       |       |     8 ||     8
  Use: Scroll            |       |     6 |     5 ||    11
Armor: Robe              |       |     1 |     5 ||     6
Dodge: Dodged            |     8 |     4 |    33 ||    45

Table legend: (Time is in decaauts)
 A = Elapsed time spent in this place.
 B = Non-inter-level travel time spent in this place.
 C = Inter-level travel time spent in this place.
 D = Time resting spent in this place.
 E = Time spent auto-exploring this place.
 F = Levels seen in this place.
 G = Mean time per level.
                   A        B        C        D        E       F      G
               +--------+--------+--------+--------+--------+-----+--------+
         Total |   8338 |   8131 |    207 |    609 |   6519 |   9 |  926.4 |
       Dungeon |   8067 |   7877 |    190 |    609 |   6303 |   7 | 1152.4 |
        Temple |     47 |     30 |     17 |      0 |     22 |   1 |   47.0 |
         Sewer |    223 |    223 |      0 |      0 |    194 |   1 |  223.0 |
               +--------+--------+--------+--------+--------+-----+--------+

Top non-repeatable levels by time:
     D:6: 1906 daAuts
     D:3: 1384 daAuts
     D:1: 1328 daAuts
     D:4: 1177 daAuts
     D:2: 891 daAuts
     D:5: 718 daAuts
     D:7: 661 daAuts
   Sewer: 223 daAuts
  Temple: 47 daAuts
